 Dungeon Crawl Stone Soup version 0.31-a0-175-g9f7f995f2b (webtiles) character file.

Game seed: 16649578745240277967

221 qw the Chopper (level 5, 0/33 HPs)
             Began as a Gargoyle Fighter on June 17, 2023.
             Was an Initiate of Okawaru.
             Slain by an ogre
             ... wielding a +0 giant club
              (20 damage)
             ... on level 4 of the Dungeon.
             The game lasted 00:01:13 (2420 turns).

qw the Chopper (Gargoyle Fighter)                   Turns: 2420, Time: 00:01:14

Health: 0/33       AC: 13    Str: 22    XL:     5   Next: 98%
Magic:  5/5        EV:  8    Int:  8    God:    Okawaru [......]
Gold:   109        SH:  4    Dex:  9    Spells: 4/4 levels left

rFire   . . .        Y - +1 war axe
rCold   . . .        c - +0 buckler
rNeg    + . .        k - +0 chain mail
rPois   inf          (no helmet)
rElec   +            (no cloak)
rCorr   .            (no gloves)
SInv    .            (no boots)
Will    .....        f - amulet of faith Stlth
                     l - +4 ring of slaying {mikee}
HPRegen 0.25/turn    (no ring)
MPRegen 0.09/turn

%: faith
@: no status effects
A: sickness immunity, AC +4, negative energy resistance 1, electricity
resistance, torment resistance 1, petrification resistance
a: Renounce Religion


You were on level 4 of the Dungeon.
You worshipped Okawaru.
Okawaru was noncommittal.
You visited 2 branches of the dungeon, and saw 5 of its levels.

You collected 109 gold pieces.


Innate Abilities, Weirdness & Mutations

You are immune to sickness and miasma.
Your stone body is resilient. (AC +4)
You are immune to poison.
You resist negative energy. (rN+)
You are resistant to electric shocks. (rElec)
You are resistant to unholy torment.
You are immune to petrification.


   Skills:
 - Level 4.0 Fighting
 + Level 5.1 Axes
 - Level 3.2 Armour
 - Level 3.2 Shields


You had 4 spell levels left.
You didn't know any spells.
Your spell library was empty.

Inventory:

Hand Weapons
 j - a +0 mace
 Y - a +1 war axe (weapon)
Armour
 c - a +0 buckler (worn)
 k - a +0 chain mail (worn)
Jewellery
 f - an amulet of faith (around neck)
 l - a +4 ring of slaying (left hand) {mikee}
Scrolls
 a - a scroll of teleportation
 i - a scroll of identify
Potions
 d - 2 potions of might
 e - a potion of mutation
 g - a potion of magic
 h - a potion of brilliance {unknown}

Dungeon Overview and Level Annotations

Branches:
Dungeon (4/15)             Temple (1/1) D:4

Altars:
Dithmenos
Elyvilon
Fedhas
Gozag
Kikubaaqudgha
Nemelex Xobeh
Okawaru
Qazlal
Ru
Trog
Uskayaw
Vehumet
Wu Jian
Zin
The Shining One

Annotations:
D:1 exclusion: 2 kobolds


Message History

Done exploring.
(D) Dungeon (T) Temple
Where to? (* - list waypoints, Enter - D:4, ? - help)
What level of the Dungeon? (default 1, ? - help)
You climb downwards.
The orc barely misses you. The orc hits you but does no damage.
There is a stone staircase leading up here.
You closely miss the orc. The orc misses you.
You barely miss the orc. The orc hits you with a +0 mace.
2395 ||| STAIRDANCE The orc hits you but does no damage.
You climb upwards.
There is a stone staircase leading down here.
You slash the orc!
You kill the orc!
Okawaru accepts your kill.
You start resting.
HP restored.
Done exploring.
(D) Dungeon (T) Temple
Where to? (* - list waypoints, Enter - D:4, ? - help)
What level of the Dungeon? (default 1, ? - help)
You climb downwards.
There is a stone staircase leading up here.
You open the door.
An ogre comes into view. It is wielding a +0 giant club.
The ogre shouts!
You hit the ogre.
The ogre is lightly wounded.
The ogre hits you with a +0 giant club.
You slash the ogre!
The ogre is heavily wounded.
The ogre hits you with a +0 giant club!
You slash the ogre!
The ogre is almost dead.
The ogre hits you with a +0 giant club!!
Ouch! That really hurt!
You die...

.......#..#######+##.......#.....
.......##'#.............[....)...
##))......................#.#....
.##'###................(.........
..)...#..................#.8.#...
......#................#.......#.
###..##...........o..#...8.>.8...
#..#....##########...#.......#.
...#....#....O@....+...#.8.#...
...#....#....#.....#...........
#..#....#... #.....####.#.#.###
..#....#.. ####.<##......)# #
#....#########..##....#....#
#....#.....................#
#....#..........##..##.....#
#....#####.###..##..########
........##.###..##..##.....#


You could see an ogre.

Vanquished Creatures
  Blork the orc (D:4)
  2 orc priests
  3 adders
  2 worms
  2 dart slugs
  6 orcs
  4 ball pythons
  2 bats
  5 endoplasms
  2 giant cockroaches
  6 goblins
  6 hobgoblins
  4 jackals (D:2)
  2 quokkas
  6 kobolds
  3 rats
56 creatures vanquished.

Notes
Turn   | Place    | Note
-------+----------+-------------------------------------------
     0 | D:1      | qw the Gargoyle Fighter began the quest for the Orb.
     0 | D:1      | Reached XP level 1. HP: 14/14 MP: 1/1
     0 | D:1      | 0 ||| qw: Version: 0.3-a-2-g5ab2908
     0 | D:1      | 0 ||| qw: Game counter: 304
     0 | D:1      | 0 ||| qw: Always use a shield: true
     0 | D:1      | 0 ||| qw: God list: Okawaru
     0 | D:1      | 0 ||| qw: Allow faded altars: false
     0 | D:1      | 0 ||| qw: Do Orc after D:15 true
     0 | D:1      | 0 ||| qw: Do second Lair branch before Depths: true
     0 | D:1      | 0 ||| qw: Lair rune preference: random
     0 | D:1      | 0 ||| qw: Plans: Normal, Zot:1-4, Slime:5, God:TSO, Crypt,
                  | Tomb, Abyss, Pan, Hells, Win
     0 | D:1      | 0 ||| PLANNING D:1-11
     4 | D:1      | 4 ||| FLEEEEING.
     6 | D:1      | 6 ||| Stepping ~*~*~tactically~*~*~ (hiding).
    12 | D:1      | Reached skill level 2 in Axes
    24 | D:1      | Reached XP level 2. HP: 18/19 MP: 2/2
   547 | D:1      | 547 ||| DROPPING +6 ring of intelligence.
   548 | D:1      | 548 ||| READING scroll labelled ENABESS OPLE.
   672 | D:1      | 672 ||| READING scroll labelled TUAPIKK QITOKOCH.
   673 | D:1      | 673 ||| READING scroll labelled BIPTUS NOEGOTUNO.
   700 | D:2      | 700 ||| STAIRDANCE
   765 | D:2      | 765 ||| STAIRDANCE
   770 | D:1      | Reached skill level 3 in Axes
   836 | D:2      | Reached XP level 3. HP: 23/23 MP: 3/3
  1042 | D:2      | 1042 ||| DROPPING +0 club.
  1063 | D:2      | 1063 ||| Stepping ~*~*~tactically~*~*~ (stealth).
  1064 | D:2      | 1064 ||| Stepping ~*~*~tactically~*~*~ (stealth).
  1168 | D:2      | Reached XP level 4. HP: 28/28 MP: 4/4
  1179 | D:2      | 1179 ||| Stepping ~*~*~tactically~*~*~ (hiding).
  1211 | D:2      | 1211 ||| UPGRADING to amulet of faith.
  1216 | D:2      | 1216 ||| DROPPING ring of wizardry.
  1217 | D:2      | 1217 ||| DROPPING ring of flight.
  1218 | D:2      | 1218 ||| READING scroll labelled IRAL JIWIPNUIJ.
  1219 | D:2      | 1219 ||| READING scroll labelled ITYAGY LYTWAONA.
  1295 | D:3      | 1295 ||| Stepping ~*~*~tactically~*~*~ (stealth).
  1297 | D:3      | 1297 ||| Stepping ~*~*~tactically~*~*~ (hiding).
  1299 | D:3      | 1299 ||| Stepping ~*~*~tactically~*~*~ (hiding).
  1302 | D:3      | 1302 ||| Stepping ~*~*~tactically~*~*~ (hiding).
  1303 | D:3      | 1303 ||| Stepping ~*~*~tactically~*~*~ (hiding).
  1306 | D:3      | Reached skill level 4 in Axes
  1332 | D:3      | Found an ornate altar of the Wu Jian Council.
  1714 | D:3      | 1714 ||| UPGRADING to +0 chain mail.
  1724 | D:3      | 1724 ||| DROPPING +0 scale mail.
  1725 | D:3      | 1725 ||| UPGRADING to +4 ring of slaying {mikee}.
  1726 | D:3      | 1726 ||| READING scroll labelled WIUPLUOTAI.
  1744 | D:3      | 1744 ||| READING scroll labelled NUXZEYV KEGOR.
  1745 | D:3      | 1745 ||| READING scroll labelled XYSKIAH QUQOO.
  1746 | D:3      | 1746 ||| READING scroll labelled JEECRI INKUTU.
  1906 | D:4      | Found a staircase to the Ecumenical Temple.
  1907 | D:4      | 1907 ||| PLANNING TEMPLE
  1911 | D:4      | 1911 ||| READING 2 scrolls of identify.
  1911 | D:4      | 1911 ||| IDENTIFYING glowing brown potion
  1920 | Temple   | Entered the Ecumenical Temple
  1921 | Temple   | 1921 ||| PLANNING OKAWARU WORSHIP
  2142 | Temple   | Became a worshipper of Warmaster Okawaru
  2143 | Temple   | 2143 ||| PLANNING D:1-11
  2156 | D:4      | Identified the +6 sling "Sarcophage" {heavy, +Blink rPois
                  | Int-2}
  2162 | D:4      | Noticed Blork the orc
  2169 | D:4      | Killed Blork the orc
  2170 | D:4      | Reached skill level 5 in Axes
  2170 | D:4      | Reached XP level 5. HP: 10/32 MP: 5/5
  2314 | D:4      | 2314 ||| Stepping ~*~*~tactically~*~*~ (stealth).
  2315 | D:4      | 2315 ||| Stepping ~*~*~tactically~*~*~ (stealth).
  2316 | D:4      | 2316 ||| Stepping ~*~*~tactically~*~*~ (hiding).
  2327 | D:4      | 2327 ||| FLEEEEING.
  2328 | D:4      | 2328 ||| FLEEEEING.
  2329 | D:4      | 2329 ||| FLEEEEING.
  2330 | D:4      | 2330 ||| FLEEEEING.
  2331 | D:4      | 2331 ||| FLEEEEING.
  2332 | D:4      | 2332 ||| FLEEEEING.
  2333 | D:4      | 2333 ||| FLEEEEING.
  2334 | D:4      | 2334 ||| FLEEEEING.
  2336 | D:4      | 2336 ||| FLEEEEING.
  2337 | D:4      | 2337 ||| FLEEEEING.
  2338 | D:4      | 2338 ||| FLEEEEING.
  2339 | D:4      | 2339 ||| FLEEEEING.
  2340 | D:4      | 2340 ||| FLEEEEING.
  2341 | D:4      | 2341 ||| FLEEEEING.
  2342 | D:4      | 2342 ||| FLEEEEING.
  2343 | D:4      | 2343 ||| FLEEEEING.
  2344 | D:4      | 2344 ||| FLEEEEING.
  2346 | D:4      | 2346 ||| FLEEEEING.
  2347 | D:4      | 2347 ||| FLEEEEING.
  2348 | D:4      | 2348 ||| STAIRDANCE
  2390 | D:3      | 2390 ||| READING 2 scrolls of identify.
  2390 | D:3      | 2390 ||| IDENTIFYING sapphire potion
  2395 | D:4      | 2395 ||| STAIRDANCE
  2414 | D:4      | Noticed an ogre
  2420 | D:4      | Slain by an ogre

Levels and vault maps discovered:
D:1:      dpeg_arrival_rooms_with_view, layout_basic, solitary_fountain
D:2:      layout_basic, minmay_surrounded
D:3:      layout_basic, pdpol_wu_jian_five_deadly_venoms,
          small_statue_intersection
D:4:      layout_gridville, lemuel_blue_sif_altar,
          minmay_temple_entry_sparse_star, minmay_bent, uniq_blork_the_orc
Temple:   dpeg_chambers_temple

Skill      XL: |  1  2  3  4  5 |
---------------+----------------+-----
Axes           | 2 3 5 |  5.1
Fighting       | 4 |  4.0
Armour         | |  3.2
Shields        | |  3.2

Action                     |  1- 3 |  4- 6 || total
---------------------------+-------+-------++-------
  Melee: War axe           |    83 |    55 ||   138
    Use: Scroll            |     3 |     8 ||    11
 Armour: Scale mail        |    39 |    15 ||    54
         Chain mail        |       |     8 ||     8
  Dodge: Dodged            |    30 |    25 ||    55
  Block: Buckler           |    12 |     7 ||    19

Table legend:
 A = Non-vault XP
 B = Vault XP
 C = Vault XP percentage of total XP
 D = Non-vault monster count
 E = Vault monster count
 F = Vault count percentage of total count
                 A         B        C        D         E       F
            +---------+---------+-------+---------+---------+-------
      Total |     182 |     135 |  42.6 |      44 |      12 |  21.4
            +---------+---------+-------+---------+---------+-------
        D:1 |      24 |       9 |  27.3 |      13 |       4 |  23.5
        D:2 |      41 |      19 |  31.7 |      15 |       4 |  21.1
        D:3 |      66 |       0 |   0.0 |      11 |       0 |   0.0
        D:4 |      51 |     107 |  67.7 |       5 |       4 |  44.4
            +---------+---------+-------+---------+---------+-------
